[ AOE2 MATCH · #487150898 ]
UnrankedArmenians vs Georgians
[ REPLAY ANALYSIS · EXTRACTED FROM THE RECORDED GAME ]
Feudal
9:09
Castle
24:39
Imperial
40:21
| APM avg | 74.5 |
| APM peak | 169 |
| eAPM avg | 38.7 |
| Villagers / military | 127 / 217 |
Focus
⚔️ 61.3% · 🌾 38.7%
Archer ×201 · Skirmisher ×11 · Monk ×2 · Trebuchet (Packed) ×2 · Warrior Priest ×1
Feudal
9:08
Castle
22:33
Imperial
—
| APM avg | 45.8 |
| APM peak | 112 |
| eAPM avg | 18.2 |
| Villagers / military | 124 / 79 |
Focus
⚔️ 33.7% · 🌾 66.3%
Knight ×74 · Scout Cavalry ×3 · Spearman ×2
Feudal
10:08
Castle
25:31
Imperial
41:58
| APM avg | 61.1 |
| APM peak | 89 |
| eAPM avg | 26.2 |
| Villagers / military | 147 / 201 |
Focus
⚔️ 40.2% · 🌾 59.8%
Archer ×187 · Rattan Archer ×7 · Militia ×4 · Spearman ×3
Feudal
9:33
Castle
26:21
Imperial
48:09
| APM avg | 64.1 |
| APM peak | 122 |
| eAPM avg | 24.1 |
| Villagers / military | 154 / 167 |
Focus
⚔️ 35.7% · 🌾 64.3%
Knight ×120 · Scout Cavalry ×45 · Monk ×1 · Spearman ×1
Match map
Initial resources + every placement click. Lines = walls · curves = elevation contours. ◆ gold · ⬟ stone · ● berries · ✦ relic · ◌ wall gap
Your base· ✓ Closed at 24:39 · 45t walls · no gate
TQLeo's base· Open — 5t gap
The Kickerous's base· ✓ Closed at 25:31 · 36t walls · 1 gate(s)
FMG | Santiago's base· Open — 10t gap
Smoothed initial terrain · ◌ = detected wall gap · hover for details
Inputs per minute
— FMG | GreatMaty - - TQLeo
Build order — FMG | GreatMaty
First 150 of 508 actions detected
| 0:00 | Create | Villager (Male) |
| 0:01 | Create | Villager (Male) |
| 0:01 | Create | Villager (Male) |
| 0:02 | Build | House |
| 0:03 | Build | House |
| 0:09 | Create | Villager (Male) |
| 1:28 | Create | Villager (Male) |
| 1:51 | Build | Mule Cart |
| 2:03 | Create | Villager (Male) |
| 2:04 | Create | Villager (Male) |
| 2:17 | Create | Villager (Male) |
| 2:17 | Create | Villager (Male) |
| 2:44 | Create | Villager (Male) |
| 3:01 | Create | Villager (Male) |
| 3:01 | Create | Villager (Male) |
| 3:30 | Create | Villager (Male) |
| 3:41 | Create | Villager (Male) |
| 3:51 | Build | House |
| 3:54 | Create | Villager (Male) |
| 4:15 | Build | House |
| 4:22 | Build | Palisade Wall |
| 4:29 | Build | Palisade Wall |
| 4:43 | Build | Mill |
| 4:53 | Create | Villager (Male) |
| 4:53 | Create | Villager (Male) |
| 4:53 | Create | Villager (Male) |
| 5:47 | Create | Villager (Male) |
| 5:57 | Research | Loom |
| 6:59 | Research | Feudal Age |
| 7:32 | Build | Mule Cart |
| 8:08 | Build | Barracks |
| 8:26 | Create | Villager (Male) |
| 9:09 | Age | Feudal Age |
| 9:13 | Build | Archery Range |
| 9:25 | Create | Villager (Male) |
| 9:28 | Build | Archery Range |
| 10:04 | Create | Villager (Male) |
| 10:05 | Create | Archer |
| 10:08 | Build | House |
| 10:09 | Build | Palisade Wall |
| 10:29 | Create | Archer |
| 10:41 | Create | Archer |
| 10:43 | Build | Palisade Wall |
| 10:50 | Build | House |
| 10:51 | Build | Palisade Wall |
| 10:53 | Create | Villager (Male) |
| 11:16 | Build | House |
| 11:18 | Build | Palisade Wall |
| 11:18 | Build | Palisade Wall |
| 11:21 | Build | Palisade Wall |
| 11:28 | Create | Archer |
| 11:29 | Create | Villager (Male) |
| 11:35 | Build | Palisade Wall |
| 11:38 | Build | Palisade Wall |
| 11:41 | Build | Palisade Wall |
| 11:41 | Build | Palisade Wall |
| 11:47 | Create | Archer |
| 11:59 | Create | Villager (Male) |
| 12:16 | Build | Blacksmith |
| 12:23 | Create | Archer |
| 12:36 | Create | Villager (Male) |
| 12:45 | Create | Archer |
| 12:56 | Build | House |
| 13:02 | Create | Archer |
| 13:23 | Build | Farm |
| 13:25 | Build | Farm |
| 13:29 | Build | Farm |
| 13:33 | Create | Archer |
| 13:34 | Create | Archer |
| 13:35 | Create | Villager (Male) |
| 13:57 | Build | Farm |
| 14:09 | Build | House |
| 14:15 | Build | Farm |
| 14:16 | Create | Archer |
| 14:16 | Create | Archer |
| 14:17 | Create | Villager (Male) |
| 14:34 | Create | Archer |
| 14:34 | Create | Archer |
| 14:53 | Research | Fletching |
| 15:15 | Create | Villager (Male) |
| 15:18 | Build | Farm |
| 15:27 | Create | Archer |
| 15:28 | Create | Archer |
| 15:33 | Build | Farm |
| 15:41 | Build | Farm |
| 15:44 | Create | Archer |
| 15:45 | Create | Archer |
| 15:48 | Create | Villager (Male) |
| 16:03 | Create | Archer |
| 16:14 | Create | Archer |
| 16:16 | Create | Villager (Male) |
| 16:16 | Create | Villager (Male) |
| 16:23 | Build | Farm |
| 16:26 | Create | Villager (Male) |
| 16:27 | Build | House |
| 16:28 | Build | Palisade Wall |
| 16:37 | Create | Archer |
| 16:57 | Create | Villager (Male) |
| 17:02 | Build | House |
| 17:03 | Build | Palisade Wall |
| 17:20 | Create | Villager (Male) |
| 17:33 | Create | Villager (Male) |
| 17:34 | Create | Archer |
| 17:34 | Create | Archer |
| 17:44 | Create | Villager (Male) |
| 17:47 | Build | Farm |
| 17:48 | Build | Farm |
| 18:04 | Create | Archer |
| 18:04 | Create | Archer |
| 18:16 | Build | Palisade Wall |
| 18:24 | Create | Villager (Male) |
| 18:27 | Research | Double-Bit Axe |
| 18:33 | Build | Farm |
| 18:37 | Create | Villager (Male) |
| 18:37 | Create | Villager (Male) |
| 18:40 | Build | Palisade Wall |
| 18:53 | Create | Villager (Male) |
| 18:54 | Create | Archer |
| 18:54 | Create | Archer |
| 18:54 | Create | Archer |
| 18:55 | Create | Archer |
| 19:14 | Create | Archer |
| 19:20 | Build | Palisade Wall |
| 19:26 | Create | Villager (Male) |
| 19:27 | Create | Archer |
| 19:27 | Create | Archer |
| 19:36 | Build | Farm |
| 19:40 | Build | House |
| 19:55 | Create | Villager (Male) |
| 19:59 | Build | House |
| 20:21 | Create | Archer |
| 20:21 | Create | Archer |
| 20:25 | Create | Villager (Male) |
| 20:48 | Build | Market |
| 21:10 | Create | Villager (Male) |
| 21:12 | Create | Archer |
| 21:13 | Create | Archer |
| 21:14 | Build | Farm |
| 21:45 | Build | Farm |
| 21:59 | Research | Castle Age |
| 21:59 | Research | Castle Age |
| 22:11 | Create | Archer |
| 22:29 | Create | Archer |
| 22:40 | Build | Farm |
| 22:42 | Build | House |
| 22:47 | Build | House |
| 22:49 | Build | House |
| 22:51 | Build | Palisade Wall |
| 23:12 | Create | Archer |
| 23:27 | Build | House |
Build order — TQLeo
First 150 of 332 actions detected
| 0:01 | Create | Villager (Male) |
| 0:01 | Create | Villager (Male) |
| 0:02 | Create | Villager (Male) |
| 0:02 | Create | Villager (Male) |
| 0:03 | Build | House |
| 0:05 | Build | House |
| 1:22 | Create | Villager (Male) |
| 2:06 | Create | Villager (Male) |
| 2:35 | Create | Villager (Male) |
| 2:57 | Create | Villager (Male) |
| 3:19 | Create | Villager (Male) |
| 3:40 | Build | House |
| 3:52 | Create | Villager (Male) |
| 3:53 | Create | Villager (Male) |
| 3:57 | Create | Villager (Male) |
| 4:18 | Create | Villager (Male) |
| 4:18 | Create | Villager (Male) |
| 5:30 | Create | Villager (Male) |
| 5:30 | Create | Villager (Male) |
| 5:43 | Build | Mill |
| 5:53 | Research | Loom |
| 6:58 | Research | Feudal Age |
| 6:59 | Research | Feudal Age |
| 7:35 | Create | Villager (Male) |
| 7:48 | Build | House |
| 7:54 | Build | Barracks |
| 8:01 | Build | House |
| 8:37 | Create | Villager (Male) |
| 8:53 | Create | Villager (Male) |
| 9:08 | Age | Feudal Age |
| 9:26 | Build | Stable |
| 9:42 | Create | Villager (Male) |
| 10:08 | Create | Villager (Male) |
| 10:18 | Create | Scout Cavalry |
| 10:18 | Create | Scout Cavalry |
| 10:22 | Create | Spearman |
| 10:27 | Research | Double-Bit Axe |
| 10:34 | Create | Spearman |
| 10:38 | Build | House |
| 10:49 | Build | House |
| 11:04 | Build | House |
| 11:09 | Build | Palisade Wall |
| 11:18 | Create | Scout Cavalry |
| 11:19 | Create | Villager (Male) |
| 11:24 | Build | Farm |
| 11:27 | Build | Farm |
| 11:57 | Build | Farm |
| 12:00 | Build | Farm |
| 12:03 | Build | Farm |
| 12:07 | Build | Farm |
| 12:08 | Create | Villager (Male) |
| 12:12 | Build | Farm |
| 12:32 | Build | Farm |
| 12:34 | Build | Farm |
| 12:36 | Create | Villager (Male) |
| 12:36 | Create | Villager (Male) |
| 12:54 | Build | House |
| 13:01 | Build | House |
| 13:18 | Create | Villager (Male) |
| 13:19 | Create | Villager (Male) |
| 13:30 | Build | House |
| 13:34 | Build | House |
| 13:35 | Build | House |
| 14:19 | Create | Villager (Male) |
| 14:20 | Create | Villager (Male) |
| 14:20 | Create | Villager (Male) |
| 14:23 | Build | Farm |
| 14:26 | Build | Farm |
| 14:27 | Build | Farm |
| 14:31 | Build | Farm |
| 14:43 | Build | House |
| 15:00 | Build | Farm |
| 15:33 | Build | Farm |
| 15:35 | Build | Farm |
| 15:41 | Create | Villager (Male) |
| 15:41 | Create | Villager (Male) |
| 15:42 | Create | Villager (Male) |
| 15:48 | Build | Mule Cart |
| 15:59 | Build | House |
| 16:45 | Create | Villager (Male) |
| 16:55 | Build | Blacksmith |
| 16:58 | Build | Watch Tower |
| 17:08 | Build | House |
| 17:12 | Build | Blacksmith |
| 17:53 | Build | House |
| 17:57 | Build | House |
| 18:01 | Create | Villager (Male) |
| 18:02 | Create | Villager (Male) |
| 18:02 | Create | Villager (Male) |
| 18:23 | Build | Farm |
| 18:47 | Build | Market |
| 19:16 | Create | Villager (Male) |
| 19:53 | Research | Castle Age |
| 20:23 | Build | Stable |
| 20:26 | Build | Palisade Gate |
| 20:51 | Research | Fletching |
| 20:51 | Research | Fletching |
| 21:13 | Research | Scale Barding Armor |
| 21:14 | Create | Villager (Male) |
| 21:47 | Build | House |
| 21:51 | Build | House |
| 21:57 | Build | House |
| 22:10 | Build | House |
| 22:33 | Age | Castle Age |
| 22:36 | Create | Knight |
| 22:36 | Create | Knight |
| 22:52 | Build | Town Center |
| 22:57 | Create | Knight |
| 22:57 | Create | Knight |
| 23:01 | Research | Forging |
| 23:07 | Research | Husbandry |
| 23:20 | Create | Villager (Male) |
| 23:31 | Create | Knight |
| 24:04 | Create | Knight |
| 24:04 | Create | Knight |
| 24:45 | Create | Knight |
| 24:46 | Create | Villager (Male) |
| 25:00 | Create | Knight |
| 25:05 | Build | Farm |
| 25:18 | Create | Knight |
| 25:29 | Create | Villager (Male) |
| 25:29 | Create | Villager (Male) |
| 25:57 | Create | Villager (Male) |
| 25:57 | Create | Villager (Male) |
| 26:24 | Create | Knight |
| 26:30 | Build | Farm |
| 27:07 | Research | Chain Barding Armor |
| 27:37 | Research | Bloodlines |
| 27:37 | Research | Bloodlines |
| 27:55 | Create | Villager (Male) |
| 27:57 | Build | Farm |
| 28:01 | Build | Farm |
| 28:23 | Create | Knight |
| 28:23 | Create | Knight |
| 28:33 | Create | Knight |
| 28:46 | Create | Villager (Male) |
| 29:09 | Create | Knight |
| 29:09 | Create | Knight |
| 29:10 | Create | Knight |
| 29:40 | Create | Knight |
| 29:40 | Create | Knight |
| 30:03 | Create | Villager (Male) |
| 30:09 | Create | Knight |
| 30:15 | Build | Stable |
| 31:06 | Create | Villager (Male) |
| 31:07 | Create | Villager (Male) |
| 31:09 | Create | Knight |
| 31:09 | Create | Knight |
| 31:21 | Create | Knight |
| 31:39 | Build | Farm |
Build order — The Kickerous
First 150 of 576 actions detected
| 0:00 | Create | Villager (Male) |
| 0:00 | Create | Villager (Male) |
| 0:02 | Build | House |
| 0:02 | Build | House |
| 0:07 | Create | Villager (Male) |
| 0:07 | Create | Villager (Male) |
| 1:38 | Create | Villager (Male) |
| 1:40 | Create | Villager (Male) |
| 1:58 | Build | Lumber Camp |
| 2:16 | Create | Villager (Male) |
| 2:46 | Create | Villager (Male) |
| 3:06 | Create | Villager (Male) |
| 3:06 | Create | Villager (Male) |
| 3:33 | Create | Villager (Male) |
| 3:48 | Build | House |
| 4:01 | Create | Villager (Male) |
| 4:02 | Create | Villager (Male) |
| 4:04 | Build | House |
| 4:26 | Create | Villager (Male) |
| 4:41 | Build | Mill |
| 5:03 | Create | Villager (Male) |
| 5:18 | Create | Villager (Male) |
| 5:24 | Create | Villager (Male) |
| 5:24 | Create | Villager (Male) |
| 5:38 | Create | Villager (Male) |
| 5:48 | Create | Villager (Male) |
| 6:03 | Create | Villager (Male) |
| 6:13 | Build | Barracks |
| 6:25 | Create | Villager (Male) |
| 6:50 | Create | Villager (Male) |
| 6:52 | Build | House |
| 7:05 | Create | Villager (Male) |
| 7:05 | Research | Loom |
| 7:33 | Build | Mining Camp |
| 7:48 | Research | Feudal Age |
| 7:49 | Research | Feudal Age |
| 7:58 | Create | Militia |
| 8:18 | Create | Militia |
| 8:35 | Build | Palisade Gate |
| 8:42 | Create | Militia |
| 9:11 | Create | Villager (Male) |
| 9:19 | Build | Palisade Wall |
| 9:41 | Create | Villager (Male) |
| 10:08 | Age | Feudal Age |
| 10:13 | Create | Villager (Male) |
| 10:16 | Create | Villager (Male) |
| 10:21 | Build | Archery Range |
| 10:23 | Build | Archery Range |
| 10:49 | Create | Militia |
| 10:52 | Research | Man-at-Arms (upgrade) |
| 10:59 | Create | Villager (Male) |
| 11:28 | Create | Villager (Male) |
| 11:59 | Create | Villager (Male) |
| 12:00 | Create | Archer |
| 12:00 | Create | Archer |
| 12:01 | Create | Archer |
| 12:03 | Build | House |
| 12:06 | Build | Blacksmith |
| 12:07 | Create | Villager (Male) |
| 12:08 | Create | Archer |
| 12:26 | Build | Palisade Wall |
| 12:38 | Create | Villager (Male) |
| 12:42 | Build | Palisade Wall |
| 12:47 | Create | Archer |
| 12:47 | Create | Archer |
| 12:51 | Build | House |
| 12:55 | Build | House |
| 12:57 | Build | Palisade Wall |
| 13:14 | Create | Villager (Male) |
| 13:15 | Build | Farm |
| 13:16 | Build | Farm |
| 13:21 | Build | Farm |
| 13:30 | Build | House |
| 13:36 | Create | Archer |
| 13:36 | Create | Archer |
| 13:52 | Create | Archer |
| 13:52 | Create | Archer |
| 13:56 | Build | Farm |
| 14:00 | Build | House |
| 14:07 | Create | Archer |
| 14:07 | Create | Archer |
| 14:12 | Create | Villager (Male) |
| 14:14 | Build | Farm |
| 14:48 | Build | Farm |
| 14:49 | Create | Villager (Male) |
| 14:51 | Build | Farm |
| 14:59 | Build | House |
| 15:01 | Build | Palisade Wall |
| 15:09 | Create | Villager (Male) |
| 15:10 | Create | Archer |
| 15:26 | Build | House |
| 15:29 | Create | Archer |
| 15:48 | Build | Farm |
| 15:49 | Create | Villager (Male) |
| 15:51 | Create | Archer |
| 15:58 | Research | Fletching |
| 15:58 | Research | Fletching |
| 16:28 | Build | Lumber Camp |
| 16:34 | Build | House |
| 16:41 | Create | Villager (Male) |
| 16:46 | Create | Archer |
| 16:46 | Create | Archer |
| 16:59 | Create | Villager (Male) |
| 17:06 | Create | Archer |
| 17:06 | Create | Archer |
| 17:30 | Create | Villager (Male) |
| 17:31 | Build | Farm |
| 17:38 | Research | Double-Bit Axe |
| 18:00 | Create | Villager (Male) |
| 18:01 | Build | Farm |
| 18:03 | Create | Archer |
| 18:03 | Create | Archer |
| 18:13 | Create | Spearman |
| 18:26 | Create | Archer |
| 18:26 | Create | Archer |
| 18:27 | Create | Spearman |
| 18:41 | Create | Archer |
| 18:41 | Create | Archer |
| 18:47 | Build | Farm |
| 18:47 | Create | Villager (Male) |
| 18:48 | Create | Villager (Male) |
| 18:51 | Build | Farm |
| 19:06 | Create | Archer |
| 19:06 | Create | Archer |
| 19:08 | Create | Villager (Male) |
| 19:14 | Create | Villager (Male) |
| 19:16 | Build | Farm |
| 19:31 | Create | Archer |
| 19:32 | Create | Villager (Male) |
| 19:39 | Build | Market |
| 19:53 | Build | Farm |
| 19:54 | Create | Villager (Male) |
| 19:56 | Build | House |
| 20:18 | Create | Villager (Male) |
| 20:25 | Build | Lumber Camp |
| 20:32 | Build | House |
| 20:33 | Build | House |
| 20:40 | Create | Villager (Male) |
| 20:49 | Build | Market |
| 21:01 | Create | Villager (Male) |
| 21:07 | Build | Farm |
| 21:18 | Create | Archer |
| 21:19 | Create | Archer |
| 21:21 | Create | Archer |
| 21:24 | Create | Villager (Male) |
| 21:25 | Create | Archer |
| 21:25 | Create | Archer |
| 21:30 | Create | Villager (Male) |
| 21:34 | Build | House |
| 21:46 | Build | Farm |
Build order — FMG | Santiago
First 150 of 503 actions detected
| 0:01 | Create | Villager (Male) |
| 0:02 | Build | House |
| 0:04 | Build | House |
| 0:13 | Create | Villager (Male) |
| 0:13 | Create | Villager (Male) |
| 0:14 | Create | Villager (Male) |
| 1:24 | Create | Villager (Male) |
| 2:15 | Build | Lumber Camp |
| 2:23 | Create | Villager (Male) |
| 2:36 | Create | Villager (Male) |
| 3:00 | Create | Villager (Male) |
| 3:22 | Create | Villager (Male) |
| 3:44 | Build | House |
| 3:49 | Create | Villager (Male) |
| 4:08 | Create | Villager (Male) |
| 4:38 | Build | Mill |
| 4:45 | Create | Villager (Male) |
| 5:09 | Create | Villager (Male) |
| 5:39 | Create | Villager (Male) |
| 5:40 | Create | Villager (Male) |
| 6:01 | Research | Loom |
| 6:26 | Create | Villager (Male) |
| 6:26 | Research | Loom |
| 7:14 | Research | Feudal Age |
| 7:50 | Build | Barracks |
| 8:09 | Create | Villager (Male) |
| 8:12 | Build | House |
| 8:50 | Build | House |
| 9:33 | Age | Feudal Age |
| 9:35 | Build | Stable |
| 9:37 | Create | Spearman |
| 9:44 | Build | Palisade Wall |
| 9:47 | Build | House |
| 9:49 | Build | Palisade Wall |
| 9:59 | Build | Palisade Wall |
| 10:01 | Build | Palisade Wall |
| 10:09 | Build | Farm |
| 10:16 | Create | Villager (Male) |
| 10:22 | Build | Palisade Wall |
| 10:23 | Create | Scout Cavalry |
| 10:34 | Create | Villager (Male) |
| 10:36 | Build | House |
| 10:39 | Build | House |
| 10:44 | Create | Scout Cavalry |
| 10:52 | Research | Double-Bit Axe |
| 10:53 | Research | Horse Collar |
| 10:57 | Build | Farm |
| 11:00 | Build | Farm |
| 11:11 | Build | Farm |
| 11:12 | Build | Farm |
| 11:45 | Build | Farm |
| 11:47 | Build | Farm |
| 11:57 | Create | Villager (Male) |
| 11:58 | Build | Farm |
| 12:21 | Create | Scout Cavalry |
| 12:28 | Create | Villager (Male) |
| 12:35 | Build | Farm |
| 12:43 | Build | Farm |
| 13:00 | Create | Scout Cavalry |
| 13:05 | Build | Farm |
| 13:10 | Create | Villager (Male) |
| 13:26 | Build | Farm |
| 13:38 | Create | Villager (Male) |
| 13:52 | Create | Scout Cavalry |
| 13:58 | Build | Farm |
| 13:59 | Create | Villager (Male) |
| 14:09 | Build | Farm |
| 14:12 | Create | Villager (Male) |
| 14:31 | Create | Scout Cavalry |
| 14:46 | Create | Scout Cavalry |
| 14:51 | Create | Villager (Male) |
| 14:53 | Build | Farm |
| 14:55 | Build | Farm |
| 14:59 | Build | Farm |
| 15:00 | Build | Farm |
| 15:13 | Create | Villager (Male) |
| 15:16 | Build | Blacksmith |
| 15:25 | Build | Watch Tower |
| 15:29 | Create | Villager (Male) |
| 15:30 | Create | Scout Cavalry |
| 15:42 | Create | Villager (Male) |
| 15:55 | Create | Scout Cavalry |
| 16:02 | Build | House |
| 16:13 | Build | Palisade Wall |
| 16:43 | Create | Villager (Male) |
| 16:46 | Create | Scout Cavalry |
| 16:49 | Build | House |
| 16:50 | Create | Villager (Male) |
| 16:53 | Build | Palisade Wall |
| 17:05 | Create | Villager (Male) |
| 17:17 | Create | Scout Cavalry |
| 17:22 | Create | Villager (Male) |
| 17:26 | Build | House |
| 17:27 | Research | Scale Barding Armor |
| 17:38 | Build | Farm |
| 17:40 | Build | Farm |
| 17:41 | Build | Farm |
| 17:42 | Build | Farm |
| 18:03 | Create | Villager (Male) |
| 18:11 | Create | Scout Cavalry |
| 18:33 | Create | Villager (Male) |
| 18:35 | Build | Farm |
| 18:36 | Build | Farm |
| 18:38 | Create | Scout Cavalry |
| 18:48 | Create | Villager (Male) |
| 19:01 | Create | Scout Cavalry |
| 19:08 | Build | Farm |
| 19:10 | Build | Farm |
| 19:11 | Build | Farm |
| 19:13 | Create | Villager (Male) |
| 19:16 | Create | Scout Cavalry |
| 19:28 | Create | Scout Cavalry |
| 19:29 | Create | Villager (Male) |
| 19:35 | Build | House |
| 19:37 | Build | House |
| 19:43 | Build | House |
| 19:46 | Build | House |
| 19:58 | Create | Scout Cavalry |
| 20:02 | Build | House |
| 20:14 | Create | Scout Cavalry |
| 20:19 | Create | Villager (Male) |
| 20:28 | Create | Scout Cavalry |
| 20:30 | Create | Villager (Male) |
| 20:41 | Build | Mining Camp |
| 20:43 | Create | Scout Cavalry |
| 20:48 | Build | House |
| 20:56 | Create | Scout Cavalry |
| 21:06 | Research | Wheelbarrow |
| 21:08 | Create | Scout Cavalry |
| 21:13 | Build | House |
| 21:27 | Build | Farm |
| 21:31 | Create | Scout Cavalry |
| 21:51 | Create | Scout Cavalry |
| 22:05 | Build | Farm |
| 22:06 | Build | Farm |
| 22:26 | Create | Villager (Male) |
| 22:30 | Build | Farm |
| 23:06 | Create | Scout Cavalry |
| 23:16 | Create | Villager (Male) |
| 23:30 | Build | Farm |
| 23:30 | Build | Farm |
| 23:30 | Build | Farm |
| 23:30 | Build | Farm |
| 23:31 | Build | Farm |
| 23:40 | Research | Castle Age |
| 24:22 | Build | House |
| 24:59 | Research | Forging |
| 25:13 | Build | Palisade Wall |
| 25:28 | Research | Bloodlines |
| 25:49 | Build | Stable |
Match timeline
| 4:22 | FMG | GreatMaty · wall_segment Palisade Wall x1 |
| 4:29 | FMG | GreatMaty · wall_segment Palisade Wall x1 |
| 6:13 | The Kickerous · first_building Barracks |
| 7:50 | FMG | Santiago · first_building Barracks |
| 7:54 | TQLeo · first_building Barracks |
| 8:08 | FMG | GreatMaty · first_building Barracks |
| 9:08 | TQLeo · age_up feudal |
| 9:09 | FMG | GreatMaty · age_up feudal |
| 9:13 | FMG | GreatMaty · first_building Archery Range |
| 9:19 | The Kickerous · wall_segment Palisade Wall x1 |
| 9:26 | TQLeo · first_building Stable |
| 9:33 | FMG | Santiago · age_up feudal |
| 9:35 | FMG | Santiago · first_building Stable |
| 9:44 | FMG | Santiago · wall_segment Palisade Wall x1 |
| 9:49 | FMG | Santiago · wall_segment Palisade Wall x1 |
| 9:59 | FMG | Santiago · wall_segment Palisade Wall x1 |
| 10:01 | FMG | Santiago · wall_segment Palisade Wall x1 |
| 10:08 | The Kickerous · age_up feudal |
| 10:09 | FMG | GreatMaty · wall_segment Palisade Wall x1 |
| 10:21 | The Kickerous · first_building Archery Range |
| 10:22 | FMG | Santiago · wall_segment Palisade Wall x3 |
| 10:43 | FMG | GreatMaty · wall_segment Palisade Wall x8 |
| 10:51 | FMG | GreatMaty · wall_segment Palisade Wall x3 |
| 11:09 | TQLeo · wall_segment Palisade Wall x1 |
| 11:18 | FMG | GreatMaty · wall_segment Palisade Wall x3 |
| 11:18 | FMG | GreatMaty · wall_segment Palisade Wall x4 |
| 11:21 | FMG | GreatMaty · wall_segment Palisade Wall x1 |
| 11:35 | FMG | GreatMaty · wall_segment Palisade Wall x1 |
| 11:38 | FMG | GreatMaty · wall_segment Palisade Wall x3 |
| 11:41 | FMG | GreatMaty · wall_segment Palisade Wall x4 |
| 11:41 | FMG | GreatMaty · wall_segment Palisade Wall x3 |
| 12:26 | The Kickerous · wall_segment Palisade Wall x10 |
| 12:42 | The Kickerous · wall_segment Palisade Wall x5 |
| 12:57 | The Kickerous · wall_segment Palisade Wall x13 |
| 15:01 | The Kickerous · wall_segment Palisade Wall x7 |
| 16:13 | FMG | Santiago · wall_segment Palisade Wall x1 |
| 16:28 | FMG | GreatMaty · wall_segment Palisade Wall x5 |
| 16:53 | FMG | Santiago · wall_segment Palisade Wall x1 |
| 17:03 | FMG | GreatMaty · wall_segment Palisade Wall x6 |
| 18:16 | FMG | GreatMaty · wall_segment Palisade Wall x1 |
| 18:40 | FMG | GreatMaty · wall_segment Palisade Wall x1 |
| 19:20 | FMG | GreatMaty · wall_segment Palisade Wall x1 |
| 19:41 | TQLeo · first_market_sell 100 wood |
| 21:33 | FMG | GreatMaty · first_market_sell 500 stone |
| 21:34 | FMG | GreatMaty · first_market_buy 500 food |
| 22:33 | TQLeo · age_up castle |
| 22:48 | TQLeo · first_market_buy 100 stone |
| 22:51 | FMG | GreatMaty · wall_segment Palisade Wall x1 |
| 24:39 | FMG | GreatMaty · age_up castle |
| 25:13 | FMG | Santiago · wall_segment Palisade Wall x1 |
| 25:31 | The Kickerous · age_up castle |
| 26:07 | The Kickerous · wall_segment Palisade Wall x2 |
| 26:21 | FMG | Santiago · age_up castle |
| 27:33 | FMG | Santiago · first_building Monastery |
| 28:33 | FMG | GreatMaty · wall_segment Palisade Wall x1 |
| 30:10 | FMG | Santiago · first_market_sell 100 food |
| 31:16 | FMG | GreatMaty · first_building Monastery |
| 31:18 | FMG | Santiago · first_market_buy 100 stone |
| 37:39 | The Kickerous · first_market_sell 100 wood |
| 37:46 | The Kickerous · first_market_buy 100 stone |
| 38:00 | The Kickerous · first_building Monastery |
| 39:38 | FMG | GreatMaty · wall_segment Palisade Wall x1 |
| 40:21 | FMG | GreatMaty · age_up imperial |
| 41:58 | The Kickerous · age_up imperial |
| 44:43 | TQLeo · first_building Monastery |
| 44:45 | The Kickerous · first_building Castle |
| 44:51 | FMG | GreatMaty · first_building Castle |
| 48:09 | FMG | Santiago · age_up imperial |
| 49:44 | TQLeo · resign |
[ AI ANALYSIS · 1 CREDIT ]
What really happened in this match?
Wolo.gg analyzes every decision: build order, eco, micro, common mistakes by bracket. Personalized analysis on WhatsApp or Discord in 30 seconds.
Civ guide
Armenians
Perfil
Jugador #9082593